 Dungeon Crawl Stone Soup version 0.30.0-12-gd5a94ecb5d (webtiles) character file.

Game seed: 13031125883396267009

58 shayaa the Covered (level 4, -3/35 HPs)
             Began as a Human Fighter on May 17, 2023.
             Frozen to death by an endoplasm (6 damage)
             ... on level 2 of the Dungeon.
             The game lasted 00:02:46 (991 turns).

shayaa the Covered (Human Fighter)                   Turns: 991, Time: 00:02:46

Health: -3/35      AC:  6    Str: 18    XL:     4   Next: 20%
Magic:  4/4        EV:  9    Int:  9    God:
Gold:   78         SH:  4    Dex: 12    Spells: 2/3 levels left

rFire   + . .        a - +0 trident
rCold   x . .        c - +0 buckler
rNeg    . . .        b - +0 scale mail
rPois   .            (no helmet)
rElec   .            (no cloak)
rCorr   .            (no gloves)
SInv    .            (no boots)
Will    .....        (no amulet) Stlth
                     j - ring of fire
HPRegen 0.25/turn    (no ring)
MPRegen 0.09/turn

%: no passive effects
@: no status effects
A: no striking features
a: no special abilities


You were on level 2 of the Dungeon.
You visited 1 branch of the dungeon, and saw 2 of its levels.

You collected 78 gold pieces.

Inventory:

Hand Weapons
 a - a +0 trident (weapon)
Armour
 b - a +0 scale mail (worn)
 c - a +0 buckler (worn)
Jewellery
 j - a ring of fire (left hand)
Wands
 k - a wand of polymorph (2)
Scrolls
 g - a scroll of fear {unknown}
 h - 5 scrolls of identify {unknown}
 i - a scroll of poison {unknown}
 l - a scroll of amnesia {unknown}
 m - a scroll of silence {unknown}
Potions
 d - a potion of might
 e - 2 potions of mutation {unknown}
 f - 2 potions of curing {unknown}
 n - a potion of resistance {unknown}


   Skills:
 + Level 3.2 Fighting
 + Level 2.7 Polearms
 + Level 3.5 Armour
 + Level 0.3 Dodging
 + Level 3.5 Shields
 + Level 0.1 Unarmed Combat


You had 2 spell levels left.
You knew the following spells:

 Your Spells              Type           Power      Damage    Failure   Level
a - Freeze                Ice            0%         1d3       85%         1

Your spell library contained the following spells:

 Spells                   Type           Power      Damage    Failure   Level
 Freezing Cloud           Conj/Ice/Air   0%         6-21      100%        5
 Metabolic Englaciation   Hex/Ice        0%         N/A       100%        5
 Summon Horrible Things   Summ           0%         N/A       100%        8


Dungeon Overview and Level Annotations

Branches:
Dungeon (2/15)

Altars:


Message History

There are no items here.
There are no items here.
There are no items here.
There are no items here.
There are no items here.
There are no items here.
There are no items here.
There are no items here.
There are no items here.
There are no items here.
There are no items here.
There are no items here.
There are no items here.
There are no items here.
There are no items here.
There are no items here.
There are no items here.
There are no items here.
There are no items here.
There are no items here.
There are no items here.
There are no items here.
There are no items here.
There are no items here.
There are no items here.
There are no items here.
There are no items here.
There are no items here.
There are no items here.
There are no items here.
There are no items here.
The endoplasm hits you but does no damage.
The endoplasm freezes you.
You are frozen.
You feel a terrible chill!
* * * LOW HITPOINT WARNING * * *
You block the endoplasm's attack. The endoplasm misses you.
The endoplasm freezes you.
You are frozen.
You feel a terrible chill!
You die...

#........# .. #........#
.... ####### #/[..)...##
.....
.......##.........##.....
.#.#.#................<..
.......##......#.#.#...$
.#.#.#.##.......b....#
.......###.#.#.#J#..##
.#.#.#.###...#..@..##
.......#...#.#######
.#.#.#...#...#
.......###..## .#
.........#..# .#
............## .#
......##.....#### .#
.....)#.........#########.#
.##..(......##.....#......#


You could see an endoplasm and a bat.

Vanquished Creatures
  Terence (D:2)
  2 dart slugs
  4 ball pythons
  3 endoplasms (D:2)
  3 hobgoblins
  3 quokkas
  3 bats
  2 frilled lizards (D:1)
  2 goblins
  5 rats
28 creatures vanquished.

Notes
Turn   | Place    | Note
-------+----------+-------------------------------------------
     0 | D:1      | shayaa the Human Fighter began the quest for the Orb.
     0 | D:1      | Reached XP level 1. HP: 18/18 MP: 1/1
   154 | D:1      | Reached XP level 2. HP: 17/24 MP: 2/2
   581 | D:2      | Reached XP level 3. HP: 21/29 MP: 3/3
   590 | D:2      | Got Sif Muna's Writings on Wintry Production
   623 | D:2      | Learned a level 1 spell: Freeze
   804 | D:2      | Noticed Terence
   842 | D:2      | Killed Terence
   843 | D:2      | Reached XP level 4. HP: 16/35 MP: 4/4
   991 | D:2      | Frozen to death by an endoplasm

Illustrated notes

Levels and vault maps discovered:
D:1:      scummos_arrival_forest, layout_rooms
D:2:      layout_rooms, serial_glass, glass_columns_a, glass_columns_c,
          chequers_serial_rivers_micro_d, uniq_terence

Action                     |  1- 3 |  4- 6 || total
---------------------------+-------+-------++-------
  Melee: Trident           |    80 |    14 ||    94
         Unarmed           |    12 |       ||    12
 Armour: Scale mail        |    55 |    14 ||    69
         Skin              |     1 |       ||     1
  Dodge: Dodged            |    49 |    15 ||    64
  Block: Buckler           |    20 |     6 ||    26
